 Dungeon Crawl Stone Soup version 0.17-a0-2215-g49c1de0 (webtiles) character file.

156 Kolbur the Chiller (level 5, -12/39 HPs)
             Began as a Merfolk Ice Elementalist on Oct 26, 2015.
             Was an Initiate of Makhleb.
             Shot with an arrow by a centaur (14 damage)
             ... on level 5 of the Dungeon on Oct 27, 2015.
             The game lasted 00:24:04 (1232 turns).

Kolbur the Chiller (Merfolk Ice Elementalist)       Turns: 1232, Time: 00:24:04

Health: -12/39     AC:  5    Str:  9    XL:     5   Next: 37%
Magic:  6/8        EV: 14    Int: 15    God:    Makhleb [......]
Gold:   106        SH:  0    Dex: 14    Spells: 3 memorised, 0 levels left

rFire  . . .     SeeInvis .     m - +1 short sword (elec)
rCold  . . .     Clarity  .     a - +0 robe
rNeg   . . .     SustAt   .     (no shield)
rPois  .         Gourm    .     (no helmet)
rElec  .         Spirit   .     (no cloak)
rCorr  .         Warding  .     o - +0 pair of gloves
rMut   .         Stasis   .     k - +1 pair of boots
MR     .....                    (no amulet)
Stlth  ++........               (no ring)
                                (no ring)

@: not resistant to hostile enchantments, unstealthy
A: change form in water, swift swim
a: Renounce Religion


You were on level 5 of the Dungeon.
You worshipped Makhleb.
Makhleb was noncommittal.
You were hungry.

You visited 2 branches of the dungeon, and saw 6 of its levels.

You collected 106 gold pieces.

Inventory:

Hand Weapons
 m - a +1 short sword of electrocution (weapon)
 t - a cursed -1 spear
Missiles
 g - 5 tomahawks
 h - 28 poisoned needles
 i - 68 stones (quivered)
Armour
 a - a +0 robe (worn)
 k - a +1 pair of boots (worn)
 o - a +0 pair of gloves (worn)
Potions
 e - a potion of curing {unknown}
 j - a potion of mutation {unknown}
 p - a potion of degeneration {unknown}
 s - 2 potions of berserk rage
Books
 b - a book of Frost

   Spells                             Type                      Level
   a - Freeze                         Ice                          1
   b - Throw Frost                    Conjuration/Ice              2
   c - Ozocubu's Armour               Charms/Ice                   3
   d - Throw Icicle                   Conjuration/Ice              4
   e - Summon Ice Beast               Ice/Summoning                4
   f - Condensation Shield            Ice                          4
Comestibles
 c - 2 bread rations
 r - a meat ration


   Skills:
 + Level 2.4 Fighting
 + Level 3.9 Dodging
 - Level 2.1 Stealth
 - Level 2.0 Spellcasting
   Level 0.7 Conjurations
 + Level 5.3 Ice Magic


You couldn't memorise any spells.
You knew the following spells:

 Your Spells              Type           Power        Failure   Level  Hunger
a - Freeze                Ice            ###.         2%          1    #......
c - Condensation Shield   Ice            ###.......   28%         4    #####..
o - Ozocubu's Armour      Chrm/Ice       #.......     24%         3    ###....


Dungeon Overview and Level Annotations

Branches:
Dungeon (5/15)             Temple (1/1) D:4

Altars:
Ashenzari
Elyvilon
Gozag
Makhleb
Okawaru
Sif Muna
Xom

Annotations:
D:3 kosy22's ghost, amateur HOFi


Message History

The centaur shoots an arrow.
The arrow hits you.
* * * LOW HITPOINT WARNING * * *
Throwing (i - inventory. (,) - cycle):
i - 68 stones (quivered)
Press: ? - help, Shift-Dir - straight line, f - centaur
Aim: a centaur, wielding a shortbow
Okay, then.
Unknown command.
Unknown command.
Read which item? (? for menu, Esc to quit)
As you read the scroll labeled ANIGUN RYUSUH, it crumbles to dust.
You hear a loud clanging noise!
It was a scroll of noise.
You hear a shout! x2
The centaur shoots an arrow.
The arrow hits you.
* * * LOW HITPOINT WARNING * * *
Read which item? (? for menu, Esc to quit)
As you read the scroll labeled XOXOIQ DEBYTREFEKE, it crumbles to dust.
The creatures around you are filled with an inner flame!
It was a scroll of immolation.
The centaur shoots an arrow.
The arrow hits you!
You die...

.....##...# ##.....
......#...###.....
###......###..<#
##..........(.##
.......#.......##
.....###..###..(## #
...### #..# ##(..####...
.### #..# #..........
..## .... #..@..c....
...###................##
.....................##
.......#..###.%.....##
..........# ##......#
....... ......## .......
....#..# ....... ..###
..# .##....


You could see a centaur (inner flame).

Vanquished Creatures
  An orc priest (D:5)
  A hound (D:4)
  A giant frog skeleton (D:5)
  A worker ant (D:5)
  An adder (D:3)
  A giant gecko (D:3)
  3 orcs
  2 giant cockroaches
  4 goblins
  4 hobgoblins
  3 kobolds (D:3)
  A bat (D:2)
  A giant gecko skeleton (D:4)
  2 giant newts
  A jackal skeleton (D:4)
  A rat (D:2)
28 creatures vanquished.

Notes
Turn   | Place    | Note
--------------------------------------------------------------
     0 | D:1      | Kolbur the Merfolk Ice Elementalist began the quest for the Orb.
     0 | D:1      | Reached XP level 1. HP: 13/13 MP: 3/3
   217 | D:2      | Reached XP level 2. HP: 19/19 MP: 0/5
   241 | D:1      | Reached skill level 4 in Ice Magic
   354 | D:3      | Noticed an ogre
   447 | D:3      | Reached XP level 3. HP: 22/24 MP: 3/6
   452 | D:3      | Learned a level 3 spell: Ozocubu's Armour
   501 | D:3      | Found a shimmering altar of Xom.
   532 | D:3      | Found a shattered altar of Ashenzari.
   534 | D:3      | Found an opulent altar of Gozag.
   587 | D:3      | Noticed kosy22's ghost (amateur HOFi)
   603 | D:4      | Reached skill level 1 in Fighting
   603 | D:4      | Reached XP level 4. HP: 19/32 MP: 0/7
   730 | D:5      | Entered Level 5 of the Dungeon
   874 | D:5      | Noticed an ogre
   897 | D:5      | Reached skill level 5 in Ice Magic
   994 | D:5      | Reached XP level 5. HP: 6/38 MP: 2/8
  1019 | D:4      | Learned a level 4 spell: Condensation Shield
  1052 | D:4      | Noticed an ogre
  1066 | D:4      | Upgraded the game from 0.17-a0-2208-ge5ab1d3 to 0.17-a0-2215-g49c1de0
  1093 | D:4      | Found a staircase to the Ecumenical Temple.
  1099 | Temple   | Entered the Ecumenical Temple
  1103 | Temple   | Became a worshipper of Makhleb the Destroyer
  1226 | D:5      | Noticed a centaur
  1232 | D:5      | Shot with an arrow by a centaur

Vault maps used:
D:1:      dpeg_arrival_rooms_with_view
D:2:      nicolae_tso_carved_into_rock, ecumenical_altar_1,
          uniq_crazy_yiuf_cottage
D:3:      minitemple, first_bread, uniq_natasha
D:4:      minmay_temple_entry_hall, grunt_ministairs_1
D:5:      serial_shops, nicolae_shop_behind_doors
Temple:   zaba_magenta_temple_12

Action                   |  1- 3 |  4- 6 || total
-------------------------+-------+-------++-------
Melee: Unarmed           |     5 |       ||     5
       Dagger            |     7 |       ||     7
       Short sword       |    10 |    11 ||    21
Throw: Stone             |     8 |     1 ||     9
 Cast: Freeze            |    24 |    12 ||    36
       Ozocubu's Armour  |       |     3 ||     3
  Use: Scroll            |       |     6 ||     6
 Stab: Sleeping          |     4 |     1 ||     5
  Eat: Pizza             |       |     1 ||     1

Vault maps used:
D:1:      dpeg_arrival_rooms_with_view
D:2:      nicolae_tso_carved_into_rock, ecumenical_altar_1,
          uniq_crazy_yiuf_cottage
D:3:      minitemple, first_bread, uniq_natasha
D:4:      minmay_temple_entry_hall, grunt_ministairs_1
D:5:      serial_shops, nicolae_shop_behind_doors
Temple:   zaba_magenta_temple_12

Table legend:
 A = Turns spent in this place as a percentage of turns spent in the entire game.
 B = Non-inter-level travel turns spent in this place as a percentage of non-inter-level travel turns spent in the entire game.
 C = Inter-level travel turns spent in this place as a percentage of turns spent in this place.
 D = Turns resting spent in this place as a percentage of non-inter-level travel turns spent in this place.
 E = Turns spent auto-exploring this place as a percentage of non-inter-level travel turns spent in this place.
 F = Non-inter-level travel turns spent in this place divided by the number of levels of this place that you've seen.
                   A       B       C       D       E      F
               +-------+-------+-------+-------+-------+----------------------
         Total | 100.0 | 100.0 |   0.1 |   0.3 |   0.2 | 197.7
       Dungeon |  99.3 |  99.3 |   0.1 |   0.3 |   0.2 | 235.6
        Temple |   0.7 |   0.7 |   0.0 |   0.0 |   0.0 |   8.0
               +-------+-------+-------+-------+-------+----------------------
